 Dungeon Crawl Stone Soup version 0.21.1-1-g345015fe64 (webtiles) character file.

147 ImError the Ogre Mage (level 5, -2/45 HPs)
             Began as an Ogre Fire Elementalist on May 6, 2018.
             Slain by Mrkan's ghost (10 damage)
             ... on level 4 of the Dungeon on May 8, 2018.
             The game lasted 00:20:20 (2385 turns).

ImError the Ogre Mage (Ogre Fire Elementalist)      Turns: 2385, Time: 00:20:20

Health: -2/45      AC:  3    Str:  9    XL:     5   Next: 29%
Magic:  1/10       EV: 10    Int: 17    God:
Gold:   148        SH:  0    Dex:  9    Spells: 2/11 levels left

rFire    . . .     SeeInvis .   e - +1 hand axe
rCold    . . .     Gourm    .   (no shield)
rNeg     . . .     Faith    .   a - +0 robe
rPois    .         Spirit   .   (helmet restricted)
rElec    .         Reflect  .   (no cloak)
rCorr    .         Harm     .   (gloves unavailable)
MR       .....                  (boots unavailable)
Stlth    +.........             (no amulet)
HPRegen  0.15/turn              j - -3 ring of strength (curse)
MPRegen  0.12/turn              (no ring)

@: very slightly contaminated
A: large, unfitting armour, tough skin 1
a: no special abilities


You were on level 4 of the Dungeon.
You were very hungry.

You visited 1 branch of the dungeon, and saw 4 of its levels.

You collected 148 gold pieces.

Inventory:

Hand Weapons
 e - a +1 hand axe (weapon)
 g - a +0 flail
Missiles
 d - 77 stones (quivered)
Armour
 a - a +0 robe (worn)
Jewellery
 j - a cursed -3 ring of strength (left hand)
Scrolls
 f - a scroll of enchant armour {unknown}
 i - a scroll of enchant weapon
 l - a scroll of teleportation {unknown}
 m - a scroll of fog {unknown}
Potions
 k - a potion of flight
 n - 2 potions of curing
 o - a potion of degeneration
Books
 b - a book of Flames

   Spells                             Type                      Level
   a - Flame Tongue                   Conjuration/Fire             1
   b - Throw Flame                    Conjuration/Fire             2
   c - Conjure Flame                  Conjuration/Fire             3
   d - Inner Flame                    Hexes/Fire                   3
   e - Sticky Flame                   Conjuration/Fire             4
   f - Fireball                       Conjuration/Fire             5
Comestibles
 c - 4 rations


   Skills:
 + Level 2.8 Dodging
 - Level 1.4 Stealth
 + Level 3.7 Spellcasting
 + Level 2.2 Conjurations
 + Level 3.4 Fire Magic


You had 2 spell levels left.
You knew the following spells:

 Your Spells              Type           Power        Failure   Level  Hunger
a - Flame Tongue          Conj/Fire      ##...        4%          1    None
b - Conjure Flame         Conj/Fire      ##......     16%         3    ###....
c - Throw Flame           Conj/Fire      ##....       8%          2    ##.....
d - Inner Flame           Hex/Fire       #.......     24%         3    ###....


Dungeon Overview and Level Annotations

Branches:
Dungeon (4/15)
 Temple: D:4-7

Altars:
Elyvilon
The Shining One

Annotations:
D:3 Sigmund
D:4 Mrkan's ghost, amateur MiMo


Innate Abilities, Weirdness & Mutations

You are too large for most types of armour.
You have tough skin. (AC +1)


Message History

Mrkan's ghost hits you but does no damage.
You closely miss the worker ant.
The worker ant is severely wounded.
You barely miss Mrkan's ghost. Mrkan's ghost hits you!
The worker ant bites you but does no damage.
You barely miss the worker ant.
The worker ant is severely wounded.
You hit Mrkan's ghost but do no damage.
The worker ant bites you but does no damage.
Mrkan's ghost hits you! The worker ant closely misses you.
Mrkan's ghost barely misses you.
You hit the worker ant but do no damage.
The worker ant is severely wounded.
You hit Mrkan's ghost. The worker ant bites you. Mrkan's ghost hits you!
You hit the worker ant.
The worker ant is severely wounded.
You hit Mrkan's ghost. The worker ant bites you.
* * * LOW HITPOINT WARNING * * *
Mrkan's ghost hits you!
You die...

###.#.##.....#
....#<##....##.....####
............#.......#.
#####.....#....._....
##.##.#.#$......
#.##.#.# .....
#.##.#.###...
#.##.....##a##
#.####.###.@.# #.# #.#
#W#.# #.# #.# #.### #.#
#.# #.# ####.###.#
#........# #.....####
#.....# #.....#


You could see a worker ant and Mrkan's ghost.

Vanquished Creatures
  10 adders
  An ooze (D:1)
  3 dart slugs
  3 leopard geckos
  8 goblins
  6 hobgoblins
  3 kobolds
  A quokka (D:2)
  3 bats
  3 frilled lizards
  9 rats
50 creatures vanquished.

Notes
Turn   | Place    | Note
-------+----------+-------------------------------------------
     0 | D:1      | ImError the Ogre Fire Elementalist began the quest for the Orb.
     0 | D:1      | Reached XP level 1. HP: 16/16 MP: 3/3
   131 | D:1      | Reached skill level 1 in Conjurations
   150 | D:1      | Reached XP level 2. HP: 24/24 MP: 0/5
   303 | D:1      | Reached XP level 3. HP: 31/31 MP: 2/7
   559 | D:2      | Found a faded altar of an unknown god.
   970 | D:2      | Reached XP level 4. HP: 31/39 MP: 0/8
  1078 | D:2      | Learned a level 3 spell: Conjure Flame
  1639 | D:2      | Reached XP level 5. HP: 36/45 MP: 0/10
  1760 | D:2      | Found a white marble altar of Elyvilon.
  2046 | D:2      | Learned a level 2 spell: Throw Flame
  2050 | D:2      | Learned a level 3 spell: Inner Flame
  2091 | D:3      | Noticed Sigmund
  2353 | D:4      | Found a glowing golden altar of the Shining One.
  2353 | D:4      | Noticed Mrkan's ghost (amateur MiMo)
  2385 | D:4      | Slain by Mrkan's ghost

Skill      XL: |  1  2  3  4 |
---------------+-------------+-----
Conjurations   | 1 2 |  2.2
Dodging        | 2 |  2.8
Spellcasting   | 3 |  3.7
Fire Magic     | 3 |  3.4
Stealth        | |  1.4

Action                   |  1- 3 |  4- 6 || total
-------------------------+-------+-------++-------
Melee: Hand axe          |    18 |    61 ||    79
Throw: Stone             |       |     1 ||     1
 Cast: Flame Tongue      |    36 |    30 ||    66
       Conjure Flame     |       |     3 ||     3
       Throw Flame       |       |     4 ||     4
  Use: Scroll            |       |     5 ||     5
       Potion            |       |     2 ||     2
 Stab: Sleeping          |     1 |       ||     1
  Eat: Chunk             |       |     4 ||     4
Armor: Robe              |     5 |    20 ||    25
Dodge: Dodged            |    14 |    44 ||    58
